 Dungeon Crawl Stone Soup version 0.31-a0-232-gb1c03b2570 (webtiles) character file.

Game seed: 8680662921904417756

98 qw the Shooter (level 4, 0/36 HPs)
             Began as a Minotaur Hexslinger on July 7, 2023.
             Slain by a goblin
             ... wielding a +0 club
              (3 damage)
             ... on level 3 of the Dungeon.
             The game lasted 00:00:41 (1702 turns).

qw the Shooter (Minotaur Hexslinger)                Turns: 1702, Time: 00:00:42

Health: 0/36       AC:  5    Str: 12    XL:     4   Next: 43%
Magic:  4/4        EV: 11    Int: 10    God:
Gold:   73         SH:  0    Dex: 15    Spells: 4/5 levels left

rFire   . . .        Y - +0 orcbow
rCold   + . .        (shield currently unavailable)
rNeg    . . .        f - +0 ring mail
rPois   .            (helmet restricted)
rElec   .            (no cloak)
rCorr   .            (no gloves)
SInv    .            (no boots)
Will    .....        (no amulet)
Stlth   +            d - ring of protection from cold
HPRegen 0.26/turn    (no ring)
MPRegen 0.09/turn

%: no passive effects
@: no status effects
A: horns 2, retaliatory headbutt
a: no special abilities


You were on level 3 of the Dungeon.
You visited 1 branch of the dungeon, and saw 3 of its levels.

You collected 73 gold pieces.


Innate Abilities, Weirdness & Mutations

You have a pair of horns on your head.
You reflexively headbutt those who attack you in melee.


   Skills:
 - Level 2.0 Fighting
 + Level 4.8 Ranged Weapons
 - Level 1.1 Armour
 - Level 2.1 Dodging
 - Level 1.0 Spellcasting
 - Level 2.0 Hexes


You had 4 spell levels left.
You knew the following spells:

 Your Spells              Type           Power      Damage    Failure   Level
a - Slow                  Hex            16%        N/A       34%         1

Your spell library contained the following spells:

 Spells                   Type           Power      Damage    Failure   Level
 Inner Flame              Hex/Fire       2%         N/A       83%         3
 Portal Projectile        Hex/Tloc       4%         N/A       83%         3
 Cause Fear               Hex            2%         N/A       98%         4

Inventory:

Hand Weapons
 Y - a +0 orcbow (weapon)
Armour
 f - a +0 ring mail (worn)
Jewellery
 d - a ring of protection from cold (left hand)
Potions
 b - a potion of berserk rage {unknown}
 g - a potion of heal wounds {unknown}
 i - a potion of resistance {unknown}

Dungeon Overview and Level Annotations

Branches:
Dungeon (3/15)

Altars:
Uskayaw

Shops:
D:1 [


Message History

You shoot an arrow.
The arrow hits the gnoll but does no damage.
The gnoll is heavily wounded.
The gnoll completely misses you. The gnoll closely misses you. x2
You shoot an arrow. The arrow hits the gnoll.
The gnoll is severely wounded.
The gnoll hits you from afar with a +0 spear.
The gnoll barely misses you. You furiously retaliate!
You headbutt the gnoll!
You kill the gnoll!
The gnoll hits you from afar with a +0 spear.
You shoot an arrow. The arrow hits the gnoll!
You kill the gnoll!
The gnoll hits you from afar with a +0 spear.
The gnoll hits you but does no damage.
You shoot an arrow. The arrow barely misses the goblin.
The gnoll hits you from afar with a +0 spear.
A gnoll comes into view.
It is wielding a +2 whip of electrocution.
The goblin hits you but does no damage.
You shoot an arrow. The arrow closely misses the goblin.
The gnoll shouts!
The gnoll hits you from afar with a +0 spear.
The goblin hits you but does no damage. The gnoll hits you but does no damage.
The goblin barely misses you.
You shoot an arrow. The arrow closely misses the goblin.
The gnoll hits you from afar with a +0 spear.
The goblin hits you but does no damage.
You shoot an arrow. The arrow closely misses the goblin.
The arrow hits the gnoll!
The gnoll is heavily wounded.
The gnoll hits you from afar with a +0 spear.
The goblin closely misses you.
You shoot an arrow. The arrow hits the goblin.
The goblin is heavily wounded.
The gnoll hits you but does no damage. The goblin misses you.
The gnoll hits you from afar with a +0 spear.
The goblin closely misses you.
You shoot an arrow. The arrow hits the gnoll!
You kill the gnoll!
The gnoll hits you but does no damage. The goblin hits you with a +0 club.
You die...

#.#.###.#...# ##
#.#.....#...#
.###.##._.##...# ##
......#.%.#....#####.#
.###..##'##....#.....#
.# ##..........#.....#
.#
##.######..#.....##.
.# #.# ##..))g..... ##
#.# ##.@g)..## #+#
##..##.... ...# ..
#....# #......
##+#.... ..... >###.


You could see a gnoll and a goblin.

Vanquished Creatures
  An adder (D:2)
  3 gnolls (D:3)
  A worm (D:2)
  3 dart slugs
  2 bats
  8 endoplasms
  6 giant cockroaches
  5 hobgoblins
  3 quokkas
  9 ball pythons
  3 frilled lizards
  4 goblins
  5 kobolds
  5 rats
58 creatures vanquished.

Notes
Turn   | Place    | Note
-------+----------+-------------------------------------------
     0 | D:1      | qw the Minotaur Hexslinger began the quest for the Orb.
     0 | D:1      | Reached XP level 1. HP: 16/16 MP: 1/1
     0 | D:1      | 0 ||| qw: Version: 0.3-a-46-gb1f654a
     0 | D:1      | 0 ||| qw: Game counter: 2911
     0 | D:1      | 0 ||| qw: Melee chars always use a shield: true
     0 | D:1      | 0 ||| qw: God list: Okawaru
     0 | D:1      | 0 ||| qw: Allow faded altars: false
     0 | D:1      | 0 ||| qw: Do Orc after clearing Dungeon:15 true
     0 | D:1      | 0 ||| qw: Do second Lair branch before Depths: true
     0 | D:1      | 0 ||| qw: Lair rune preference: random
     0 | D:1      | 0 ||| qw: Goals: Normal
     0 | D:1      | 0 ||| PLANNING D:1-11
   248 | D:1      | Reached skill level 3 in Ranged Weapons
   251 | D:1      | Reached XP level 2. HP: 22/23 MP: 2/2
   474 | D:1      | Found Qunkacheeh's Antique Armour Shop.
   482 | D:1      | 482 ||| UPGRADING to +0 leather armour.
   525 | D:1      | 525 ||| UPGRADING to +0 robe.
   530 | D:1      | 530 ||| UPGRADING to +0 leather armour.
   540 | D:1      | 540 ||| DROPPING +0 robe.
   542 | D:1      | 542 ||| SHOPLISTING bloodstained leather armour (189 gold,
                  | have 36).
   542 | D:1      | 542 ||| SHOPLISTING glowing cloak (202 gold, have 36).
   542 | D:1      | 542 ||| SHOPLISTING ring mail (108 gold, have 36).
   614 | D:1      | 614 ||| UPGRADING to +0 ring mail.
   624 | D:1      | 624 ||| DROPPING +0 leather armour.
   657 | D:1      | Reached XP level 3. HP: 27/29 MP: 3/3
   662 | D:1      | 662 ||| FLEEEEING.
   669 | D:1      | 669 ||| FLEEEEING.
   670 | D:1      | 670 ||| FLEEEEING.
   671 | D:1      | 671 ||| FLEEEEING.
   709 | D:1      | 709 ||| SWAPPING to +0 orcbow.
   710 | D:1      | 710 ||| DROPPING +1 sling.
   839 | D:1      | 839 ||| UPGRADING to ring of protection from cold.
   840 | D:1      | 840 ||| READING 2 scrolls labelled ZUOCOEJUFAE.
   841 | D:1      | 841 ||| DROPPING scroll of poison.
   842 | D:1      | 842 ||| DROPPING scroll of immolation.
  1013 | D:2      | Reached skill level 4 in Ranged Weapons
  1038 | D:2      | Reached skill level 1 in Armour
  1223 | D:2      | Reached XP level 4. HP: 36/36 MP: 4/4
  1522 | D:2      | 1522 ||| READING scroll labelled SOUMEH IPTAFO.
  1525 | D:2      | 1525 ||| READING scroll labelled DEUPTO BUETHROU.
  1526 | D:2      | 1526 ||| READING scroll labelled FEIRAU HOFEDIO.
  1527 | D:2      | 1527 ||| DRINKING 2 brown potions.
  1557 | D:2      | 1557 ||| DROPPING potion of lignification.
  1664 | D:3      | Found a hide-covered altar of Uskayaw.
  1664 | D:3      | Noticed a +0 dagger
  1665 | D:3      | Noticed a +0 dagger
  1665 | D:3      | Noticed a +0 falchion
  1665 | D:3      | Noticed a +0 short sword
  1667 | D:3      | Noticed a +0 short sword
  1669 | D:3      | Noticed a +0 falchion
  1669 | D:3      | Noticed a +0 spear
  1669 | D:3      | Noticed a +0 spear
  1699 | D:3      | HP: 5/36 [gnoll/+0 spear (6)]
  1702 | D:3      | Slain by a goblin

Levels and vault maps discovered:
D:1:      dpeg_arrival_long_road, layout_basic, serial_rivers,
          chequers_serial_rivers_room_b, chequers_serial_rivers_micro_e,
          chequers_serial_rivers_micro_e, chequers_serial_rivers_large_b,
          chequers_serial_rivers_small_3, chequers_serial_rivers_small_3,
          serial_shops, nicolae_shop_tiny_glass, dk_noncrumbling_3
D:2:      layout_basic, minmay_surrounded
D:3:      layout_basic, nicolae_uskayaw_en_pointe, serial_glass,
          glass_columns_b, glass_columns_b, uniq_natasha, uniq_jessica

Skill      XL: |  1  2  3 |
---------------+----------+-----
Ranged Weapons | 3 4 |  4.8
Fighting       | 2 |  2.0
Armour         | 1 |  1.1
Dodging        | |  2.1
Spellcasting   | |  1.0
Hexes          | |  2.0

Action                     |  1- 3 |  4- 6 || total
---------------------------+-------+-------++-------
   Fire: Sling             |    76 |       ||    76
         Orcbow            |    42 |    48 ||    90
    Use: Scroll            |     1 |     3 ||     4
         Potion            |       |     1 ||     1
 Armour: Robe              |     4 |       ||     4
         Ring mail         |    12 |    19 ||    31
  Dodge: Dodged            |    30 |    32 ||    62

Table legend:
 A = Non-vault XP
 B = Vault XP
 C = Vault XP percentage of total XP
 D = Non-vault monster count
 E = Vault monster count
 F = Vault count percentage of total count
                 A         B        C        D         E       F
            +---------+---------+-------+---------+---------+-------
      Total |     144 |      10 |   6.5 |      53 |       5 |   8.6
            +---------+---------+-------+---------+---------+-------
        D:1 |      52 |       0 |   0.0 |      29 |       0 |   0.0
        D:2 |      47 |      10 |  17.5 |      18 |       5 |  21.7
        D:3 |      45 |       0 |   0.0 |       6 |       0 |   0.0
            +---------+---------+-------+---------+---------+-------
